 Dungeon Crawl Stone Soup version 0.30.1-9-gdf580d7c3d (webtiles) character file.

Game seed: 11759028162449920837

73 Chiseanne the Digger (level 4, 0/33 HPs)
             Began as a Demonspawn Wanderer on Oct 8, 2023.
             Slain by a worm (2 damage)
             ... on level 3 of the Dungeon.
             The game lasted 00:05:15 (1992 turns).

Chiseanne the Digger (Demonspawn Wanderer)          Turns: 1992, Time: 00:05:15

Health: 0/33       AC:  8    Str: 12    XL:     4   Next: 8%
Magic:  2/8        EV: 12    Int: 18    God:
Gold:   107        SH:  4    Dex: 10    Spells: 7/8 levels left

rFire   . . .        n - +0 mace
rCold   . . .        (no shield)
rNeg    . . .        d - +0 robe
rPois   .            (no helmet)
rElec   .            (no cloak)
rCorr   .            (no gloves)
SInv    .            (no boots)
Will    .....        (no amulet)
Stlth   +            g - ring of willpower
HPRegen 0.25/turn    (no ring)
MPRegen 0.11/turn

%: no passive effects
@: weak-willed, sanguine armoured, hasted, very quick
A: sanguine armour 1, condensation shield
a: no special abilities


You were on level 3 of the Dungeon.
You visited 1 branch of the dungeon, and saw 4 of its levels.

You collected 107 gold pieces.

Inventory:

Hand Weapons
 a - a +0 morningstar
 h - a +3 vampiric dagger
 n - a +0 mace (weapon)
Missiles
 b - 11 poisoned darts (quivered)
 j - 34 stones
 p - 6 boomerangs
Armour
 d - a +0 robe (worn)
Jewellery
 g - a ring of willpower (left hand)
Scrolls
 e - 4 scrolls of identify
 k - a scroll of immolation
Potions
 i - a potion of flight


   Skills:
 * Level 2.0 Fighting
 - Level 1.0 Throwing
 * Level 1.7 Dodging
 * Level 2.8 Spellcasting
 - Level 2.6 Translocations
 - Level 3.6 Earth Magic


You had 7 spell levels left.
You knew the following spells:

 Your Spells              Type           Power      Damage    Failure   Level
a - Sandblast             Erth           30%        2d9       3%          1

Your spell library contained the following spells:

 Spells                   Type           Power      Damage    Failure   Level
 Apportation              Tloc           24%        N/A       5%          1
 Summon Small Mammal      Summ           8%         N/A       17%         1
 Gell's Gravitas          Tloc           12%        N/A       17%         3
 Stone Arrow              Conj/Erth      18%        3d8       24%         3
 Call Canine Familiar     Summ           2%         N/A       45%         3
 Inner Flame              Hex/Fire       2%         N/A       45%         3
 Summon Guardian Golem    Hex/Summ       2%         N/A       45%         3
 Leda's Liquefaction      Hex/Erth       4%         N/A       61%         4
 Flame Wave               Conj/Fire      2%         2d4       86%         4
 Sticky Flame             Conj/Fire      2%         2d3       86%         4


Dungeon Overview and Level Annotations

Branches:
Dungeon (4/15)
 Temple: D:4-7

Altars:
Hepliaklqana
Xom

Annotations:
D:2 Terence
D:3 Grinder


Innate Abilities, Weirdness & Mutations

When seriously injured, your blood forms armour. (AC +6)
A meltable shield of frost defends you. (SH +4)


Message History

Aim: Grinder (moderately wounded, 80% to hit)
The blast of sand misses Grinder.
Casting: Sandblast (safe; 3% risk of failure)
Confirm with . or Enter, or press ? or * to list all spells.
Aiming: Sandblast (safe; 3% risk of failure)
Press: ? - help, Shift-Dir - straight line, f/p - Grinder
Aim: Grinder (moderately wounded, 80% to hit)
The blast of sand hits Grinder.
Grinder is heavily wounded.
Grinder hits you.
You writhe in agony.
Grinder hits you!
Your blood congeals into armour.
You writhe in agony.
Casting: Sandblast (safe; 3% risk of failure)
Confirm with . or Enter, or press ? or * to list all spells.
Aiming: Sandblast (safe; 3% risk of failure)
Press: ? - help, Shift-Dir - straight line, f/p - Grinder
Aim: Grinder (heavily wounded, 80% to hit)
The blast of sand hits Grinder!
Grinder is severely wounded.
Grinder hits you!
* * * LOW HITPOINT WARNING * * *
You writhe in agony.
* * * LOW HITPOINT WARNING * * *
It was a potion of haste.
You feel yourself speed up.
Grinder blinks!
As you read the scroll of fear, it crumbles to dust.
You assume a fearsome visage.
Grinder looks frightened!
The worm looks frightened!
Grinder blinks!
As you read the scroll labelled WUOBUU YGIN, it crumbles to dust.
It is a scroll of brand weapon.
Your +3 dagger thirsts for the lives of mortals!
h - a +3 vampiric dagger Grinder blinks!
Okay, then.
The air fills with toxic fumes!
As you read the scroll labelled DUWNOO JIUNO, it crumbles to dust.
It was a scroll of poison.
As you read the scroll labelled SAUMIM ZUOWIE, it crumbles to dust.
Your attack snaps the worm out of its fear.
Magic quickly surges around you.
It was a scroll of vulnerability.
The worm bites you.
You die...

#.# . #§# ..
#§# # ... #§#
##. ....
#§#§§.
....w##§#§##.#
....5.§§§....#
#......#w#
###.....[#@#
#......#.#§#
#......#.#§#
#......#.#§#
#......#.#§#
#......#.#.###
#......'.....#
#......#.#.#.#
########.#.#.#


You could see a worm (weak-willed).

Vanquished Creatures
  An iguana (D:3)
  An ufetubus (D:3)
  2 worms
  5 endoplasms
  A giant cockroach (D:3)
  4 goblins
  5 hobgoblins (D:1)
  A kobold (D:1)
  3 ball pythons
  6 bats
  3 frilled lizards
  7 rats (D:1)
39 creatures vanquished.

Notes
Turn   | Place    | Note
-------+----------+-------------------------------------------
     0 | D:1      | Chiseanne the Demonspawn Wanderer began the quest for the
                  | Orb.
     0 | D:1      | Chiseanne set off with the following items: a +0 dagger, 11
                  | poisoned darts, a scroll of fear, a +0 robe; and the
                  | following spells available to memorise: Sandblast,
                  | Apportation, Gell's Gravitas, Stone Arrow, Leda's
                  | Liquefaction.
     0 | D:1      | Reached XP level 1. HP: 13/13 MP: 3/3
     2 | D:1      | Learned a level 1 spell: Sandblast
   393 | D:1      | Gained mutation: When seriously injured, your blood forms
                  | armour. (AC +6) [demonic ancestry]
   393 | D:1      | Reached XP level 2. HP: 7/20 MP: 0/5
   610 | D:1      | Reached skill level 1 in Fighting
   641 | D:1      | Reached skill level 1 in Dodging
  1328 | D:1      | Reached XP level 3. HP: 20/26 MP: 2/6
  1538 | D:2      | Noticed Terence
  1580 | D:2      | You fall into a shaft and drop 2 floors!
  1721 | D:3      | Found a shimmering altar of Xom.
  1722 | D:3      | Found a hazy altar of Hepliaklqana.
  1723 | D:3      | Noticed a spectral ugly thing
  1939 | D:3      | Gained mutation: A meltable shield of frost defends you.
                  | (SH +4) [demonic ancestry]
  1939 | D:3      | Reached XP level 4. HP: 29/33 MP: 4/8
  1977 | D:3      | Noticed Grinder
  1986 | D:3      | HP: 1/33 [Grinder (2)]
  1992 | D:3      | Slain by a worm

Illustrated notes

Levels and vault maps discovered:
D:1:      ldierk_walled_garden_2, layout_basic
D:2:      layout_rooms, wad_floor_pattern_untrapped, uniq_terence
D:3:      minmay_spotlight, layout_basic, regret_index_temple_of_mockery,
          zin_purify, kennysheep_jessica_study, uniq_sigmund, uniq_grinder,
          uniq_natasha
D:4:      layout_rooms, nicolae_dithmenos_shadow_blocks,
          kennysheep_vampire_church

Skill      XL: |  1  2  3 |
---------------+----------+-----
Fighting       | 1 2 |  2.0
Dodging        | 1 |  1.7
Throwing       | |  1.0
Spellcasting   | |  2.8
Translocations | |  2.6
Earth Magic    | |  3.6

Action                     |  1- 3 |  4- 6 || total
---------------------------+-------+-------++-------
  Melee: Dagger            |    18 |       ||    18
         Punch             |     2 |       ||     2
         Morningstar       |     4 |       ||     4
         Mace              |     1 |       ||     1
   Cast: Sandblast         |    63 |     7 ||    70
    Use: Scroll            |     4 |     4 ||     8
         Potion            |     1 |     1 ||     2
 Armour: Robe              |     8 |     1 ||     9
  Dodge: Dodged            |    49 |     1 ||    50
